 Dungeon Crawl Stone Soup version 0.31.0-1-g2c135a0 (webtiles) character file.

Game seed: 15628630365582756356

294 brinewave the Chopper (level 6, -2/56 HPs)
             Began as a Minotaur Fighter on Jan 30, 2024.
             Slain by Menkaure (7 damage)
             ... on level 4 of the Dungeon.
             The game lasted 00:08:14 (2691 turns).

brinewave the Chopper (Minotaur Fighter)            Turns: 2691, Time: 00:08:14

Health: -2/56      AC: 13    Str: 22    XL:     6   Next: 11%
Magic:  5/5        EV:  6    Int:  5    God:
Gold:   60         SH:  4    Dex: 10    Spells: 5/5 levels left

rFire   . . .        a - +0 war axe
rCold   . . .        c - +0 buckler
rNeg    . . .        e - +0 plate armour
rPois   .            (helmet restricted)
rElec   .            (no cloak)
rCorr   .            (no gloves)
SInv    .            g - +0 pair of boots
Will    .....        (no amulet) Stlth
                     (no ring)
HPRegen 0.29/turn    (no ring)
MPRegen 0.09/turn

%: no passive effects
@: no status effects
A: horns 2, retaliatory headbutt
a: no special abilities


You were on level 4 of the Dungeon.
You visited 1 branch of the dungeon, and saw 4 of its levels.

You collected 126 gold pieces.
You spent 66 gold pieces at shops.

Inventory:

Hand Weapons
 a - a +0 war axe (weapon)
Missiles
 f - 25 stones (quivered)
 j - 5 javelins
 m - 6 poisoned darts
Armour
 c - a +0 buckler (worn)
 e - a +0 plate armour (worn)
 g - a +0 pair of boots (worn)
Wands
 t - a wand of paralysis (11)
Scrolls
 b - 3 scrolls of teleportation
 h - 4 scrolls of identify
 i - a scroll of blinking {unknown}
 k - a scroll of amnesia {unknown}
 l - a scroll of fog {unknown}
 n - 4 scrolls of fear {unknown}
 r - a scroll of enchant armour {unknown}
Potions
 d - 3 potions of might
 o - 2 potions of heal wounds {unknown}
 p - a potion of mutation {unknown}
 q - 3 potions of curing
 s - a potion of enlightenment {unknown}


   Skills:
 + Level 5.0 Fighting
 * Level 5.2 Axes
 + Level 4.9 Armour
 + Level 4.8 Shields


You had 5 spell levels left.
You didn't know any spells.
Your spell library contained the following spells:

 Spells                   Type           Power      Damage    Failure   Level
 Summon Small Mammal      Summ           0%         N/A       100%        1
 Blink                    Tloc           0%         N/A       100%        2
 Lesser Beckoning         Tloc           0%         N/A       100%        2
 Momentum Strike          Conj/Tloc      0%         3d8       100%        2
 Call Canine Familiar     Summ           0%         N/A       100%        3
 Summon Blazeheart Golem  Fire/Summ      0%         N/A       100%        4


Dungeon Overview and Level Annotations

Branches:
Dungeon (4/15)
 Temple: D:4-7

Altars:
Fedhas

Shops:
D:1 ?:[:*

Annotations:
D:3 2 transporters, Biscolet's ghost, amateur DjFE
D:4 Menkaure


Innate Abilities, Weirdness & Mutations

You have a pair of horns on your head.
You reflexively headbutt those who attack you in melee.


Message History

The iguana hisses angrily.
You slash the endoplasm!
You kill the endoplasm!
Menkaure mumbles some strange words.
Menkaure seems to speed up.
You completely miss the ball python.
The ball python is moderately wounded.
The ball python completely misses you. The ball python grabs you.
The ball python constricts you.
You escape the ball python's grasp.
The ball python bites you but does no damage.
The ball python grabs you. The ball python constricts you.
You escape the ball python's grasp.
The ball python attacks as it pursues you!
The ball python bites you but does no damage.
You block the ball python's attack.
Found an escape hatch in the floor.
The ball python barely misses you. You furiously retaliate!
You headbutt the ball python, but do no damage.
The ball python barely misses you.
There is an escape hatch in the floor here.
You slash the ball python!
You kill the ball python!
Menkaure calls on the powers of darkness!
Your body is wracked with pain!
The iguana convulses!
Menkaure grins.
Menkaure attacks as he pursues you! Menkaure hits you.
* * * LOW HITPOINT WARNING * * *
You hit Menkaure. Your headbutt misses Menkaure.
Menkaure is lightly damaged.
Menkaure hits you but does no damage.
You slash Menkaure!
Menkaure is heavily damaged.
Menkaure barely misses you. You furiously retaliate!
You headbutt Menkaure. Menkaure hits you!
* * * LOW HITPOINT WARNING * * *
You hit Menkaure.
Menkaure is almost destroyed.
Menkaure hits you!
You die...

#.#
#.#######....#
. #.# #†#
##.#.##. ###.#
#># #.l....
#...# #.#
#.#.##. #.###
#l# #...# .
#.# #.# #.$..
. #.# #.#
#......
##.#####.#
##.## .
#.....@Ml# #.
. #..#######
#. .
#.........
#.######## #.#
#.# #.# #.#
#.#


You could see Menkaure (fast) and an iguana.

Vanquished Creatures
  2 orc priests (D:2)
  Ijyb (D:3)
  An orc wizard (D:3)
  Robin (D:2)
  6 adders
  3 gnolls (D:3)
  A dart slug (D:4)
  2 orcs
  11 ball pythons
  6 bats
  5 endoplasms
  A giant cockroach (D:3)
  12 goblins
  7 hobgoblins
  11 jackals
  4 kobolds
  6 quokkas
  2 frilled lizards
  2 rats (D:1)
84 creatures vanquished.

Notes
Turn   | Place    | Note
-------+----------+-------------------------------------------
     0 | D:1      | brinewave the Minotaur Fighter began the quest for the Orb.
     0 | D:1      | Reached XP level 1. HP: 19/19 MP: 0/0
    49 | D:1      | Found Qawnicw's Book Emporium.
   114 | D:1      | Found Finlyhab's Antique Armour Boutique.
   132 | D:1      | Reached XP level 2. HP: 25/27 MP: 1/1
   190 | D:1      | Found Ysaj Sinn's Book Emporium.
   214 | D:1      | Found Uxiasol's General Store.
   267 | D:1      | Bought a scroll of noise for 11 gold pieces
   326 | D:1      | Found Idigosm's Magic Scroll Boutique.
   356 | D:1      | Reached XP level 3. HP: 30/33 MP: 2/2
   585 | D:1      | Bought a scroll of identify for 22 gold pieces
   746 | D:2      | Noticed Robin
   755 | D:2      | Killed Robin
   762 | D:2      | Reached XP level 4. HP: 39/40 MP: 3/3
   771 | D:2      | Identified the +1 robe of Xom's Supremacy {rElec Will+
                  | Dex-4}
  1613 | D:1      | Bought a potion of curing for 33 gold pieces
  1687 | D:2      | Reached XP level 5. HP: 38/47 MP: 4/4
  1800 | D:3      | Found a transporter.
  1803 | D:3      | Noticed a phantom
  1809 | D:3      | Noticed Biscolet's ghost (amateur DjFE)
  1811 | D:3      | Found a transporter.
  1949 | D:3      | Reached skill level 5 in Axes
  2108 | D:3      | Noticed Ijyb
  2116 | D:3      | Killed Ijyb
  2117 | D:3      | Reached skill level 5 in Fighting
  2117 | D:3      | Reached XP level 6. HP: 30/56 MP: 5/5
  2300 | D:3      | Found a blossoming altar of Fedhas.
  2662 | D:4      | Noticed Menkaure
  2691 | D:4      | Slain by Menkaure

Illustrated notes

Levels and vault maps discovered:
D:1:      lordsloth_arrival_two_stooges, layout_rooms, serial_shops,
          nicolae_shop_just_a_little_nook, shop, shop, shop, shop, minmay_tall_x
D:2:      layout_basic, serial_aquarium, aquarium_bridge_square
          [aquarium_subvault_bridge, aquarium_subvault_wall,
          aquarium_subvault_bridge, aquarium_subvault_bridge],
          aquarium_window_1, aquarium_window_3, aquarium_window_fake,
          aquarium_window_corner, aquarium_view_2g, aquarium_view_2g,
          aquarium_balcony_3b, minmay_misc_feat_four_crosses, st_stairs_12,
          uniq_robin
D:3:      layout_loops_ring, fedhas_altar_4, gammafunk_ghost_arena,
          minmay_misc_feat_square, uniq_ijyb
D:4:      layout_loops_ring, mainiacjoe_overflow_surrounded_room,
          yredelemnul_forgotten_temple_becter, uniq_eustachio, uniq_menkaure

Skill      XL: |  1  2  3  4  5 |
---------------+----------------+-----
Axes           | 3 4 5 |  5.2
Fighting       | 4 5 |  5.0
Armour         | 4 |  4.9
Shields        | 4 |  4.8

Action                     |  1- 3 |  4- 6 || total
---------------------------+-------+-------++-------
  Melee: War axe           |   104 |    76 ||   180
         Headbutt          |    15 |     6 ||    21
    Use: Scroll            |     1 |       ||     1
 Armour: Plate armour      |    91 |    74 ||   165
  Dodge: Dodged            |    24 |    33 ||    57
  Block: Buckler           |    33 |    21 ||    54
